 Dungeon Sprint DCSS version 0.29-a0-819-g94b489e0ae (webtiles) character file.

Game seed: 5341374573965035022

23216 mhtbhm the Ninja (level 12, -13/63 HPs)
             Began as a Spriggan Brigand on July 7, 2022.
             Was the Champion of Dithmenos.
             Mangled by a spriggan berserker
             ... wielding a +0 rapier
              (28 damage)
             ... in the Dungeon (Sprint IV: "Fedhas' Mad Dash").
             The game lasted 00:07:01 (1976 turns).

mhtbhm the Ninja (Spriggan Brigand)                 Turns: 1976, Time: 00:07:02

Health: -13/63     AC:  5    Str:  7    XL:     12   Next: 69%
Magic:  23/25      EV: 20    Int: 12    God:    Dithmenos [******]
Gold:   189        SH:  0    Dex: 22    Spells: 11/11 levels left

rFire   . . .      SeeInvis +   a - +1 rapier (drain)
rCold   + . .      Faith    .   (no shield)
rNeg    + . .      Spirit   .   b - +0 robe {Will+}
rPois   .          Reflect  .   (helmet restricted)
rElec   .          Harm     .   t - +2 cloak of the Thief {*Fog Slay-2 SInv Stlth+}
rCorr   .          Rampage  .   (gloves unavailable)
Will    +++..      NoTele   +   (boots unavailable) Stlth #*********
                                l - amulet of invisibility {+Inv}
HPRegen 0.20/turn               q - ring of positive energy
MPRegen 0.19/turn               v - ring of protection from cold

@: hasted, wreathed by umbra, very quick
A: very small, no large weapons, unfitting armour, see invisible, speed 3
a: Renounce Religion, Evoke Invisibility, Shadow Step, Shadow Form


You were in the Dungeon.
You worshipped Dithmenos.
Dithmenos was exalted by your worship.
You visited 1 branch You collected 450 gold pieces.
You spent 261 gold pieces at shops.

Inventory:

Hand Weapons
 a - a +1 rapier of draining (weapon)
Missiles
 d - 8 poisoned darts (quivered)
Armour
 b - a +0 robe of willpower (worn)
 c - a +0 cloak
 t - the +2 cloak of the Thief (worn) {*Fog Slay-2 SInv Stlth+}
   (You bought it in a shop in the Dungeon)

   It may release a thick cloud of smoke when the wearer is hurt.
   Slay:      It affects your accuracy & damage with ranged weapons and melee
   (-2).
   SInv:      It lets you see invisible.
   Stlth:     It makes you more stealthy.
Jewellery
 l - the amulet of invisibility (around neck) {+Inv}
   (You found it in the Dungeon)

   [amulet of nothing]

   +Inv:      It lets you turn invisible.
 q - a ring of positive energy (left hand)
 u - the amulet of Xom's Wantonness {Faith Dex+6}
   (You found it in the Dungeon)

   [amulet of faith]

   It allows you to gain divine favour quickly.
   Dex:       It affects your dexterity (+6).
 v - a ring of protection from cold (right hand)
Wands
 o - a wand of flame (13)
 r - a wand of mindburst (15)
Scrolls
 k - a scroll of blinking
 m - a scroll of enchant weapon {unknown}
 n - a scroll of fog {unknown}
 s - a scroll of identify {unknown}
Potions
 f - a potion of curing
 i - 2 potions of magic
 j - a potion of berserk rage
Miscellaneous
 p - a phantom mirror (inert)


   Skills:
 + Level 7.2 Fighting
 + Level 14.5 Short Blades
 + Level 5.1 Throwing
 + Level 4.2 Dodging
 O Level 27 Stealth
 * Level 17.4 Invocations
 + Level 19.9 Evocations


You had 11 spell levels left.
You didn't know any spells.
Your spell library contained the following spells:

 Spells                   Type           Power      Damage    Failure   Level
 Summon Guardian Golem    Hex/Summ       0%         N/A       69%         3
 Fulminant Prism          Conj/Hex       0%         3d6       97%         4
 Iskenderun's Mystic Bla  Conj/Tloc      0%         2d3       97%         4
 Lee's Rapid Deconstruct  Erth           0%         3d5*      100%        5
 Orb of Destruction       Conj           0%         9d5       100%        7
 Spellforged Servitor     Conj/Summ      0%         N/A       100%        7


Dungeon Overview and Level Annotations

Branches:
Dungeon (1/1)

Altars:
Cheibriados
Dithmenos
Elyvilon
Gozag
Hepliaklqana
Kikubaaqudgha
Makhleb
Nemelex Xobeh
Okawaru
Qazlal
Ru
Sif Muna
Trog
Uskayaw
Vehumet
Wu Jian
Xom
Yredelemnul
Zin
The Shining One
Jiyva
Lugonu

Shops:
D ![:[[=[?[((*?:(=*:*(*

Annotations:
D exclusion: oklob plant, the Enchantress


Innate Abilities, Weirdness & Mutations

You are very small and have problems with some larger weapons.
You are too small for most types of armour.
You have supernaturally acute eyesight. (SInv)
You cover ground extremely quickly. (Speed+++)


Message History

The curare-tipped dart closely misses the spriggan berserker.
Throw: 9 darts (poison)
Press: ? - help, Q - select action, (/) - cycle Shift-Dir - straight line, f/p - spriggan berserker
Aim: a spriggan berserker, wielding a +0 rapier and wearing a +0 animal skin (slow, umbra, 42% to hit)
You throw a poisoned dart.
The poisoned dart hits the spriggan berserker.
The spriggan berserker is poisoned.
Aiming: Mindburst
Press: ? - help, Shift-Dir - straight line, f/p - spriggan berserker
Aim: a spriggan berserker, wielding a +0 rapier and wearing a +0 animal skin (lightly wounded, poisoned, slow, ally target, umbra, chance to affect: 31%)
Okay, then.
Aiming: Throw Flame
Press: ? - help, Shift-Dir - straight line, f/p - spriggan berserker
Aim: a spriggan berserker, wielding a +0 rapier and wearing a +0 animal skin (lightly wounded, poisoned, slow, ally target, umbra, 55% to hit)
The puff of flame hits the spriggan berserker.
The spriggan berserker is lightly wounded.
Unknown command.
Unknown command.
There is an open door here.
Your spriggan berserker shimmers and vanishes!
Okay, then.
Aiming: Mindburst
Press: ? - help, Shift-Dir - straight line, f/p - spriggan berserker
Aim: a spriggan berserker, wielding a +0 rapier and wearing a +0 animal skin (lightly wounded, poisoned, slow, umbra, chance to affect: 31%)
The spriggan berserker easily resists.
Unknown command.
Unknown command.
Aiming: Mindburst
Press: ? - help, Shift-Dir - straight line, f/p - spriggan berserker
Aim: a spriggan berserker, wielding a +0 rapier and wearing a +0 animal skin (lightly wounded, poisoned, slow, umbra, chance to affect: 31%)
The spriggan berserker easily resists.
Unknown command.
You puncture the spriggan berserker!
The spriggan berserker is heavily wounded.
You barely miss the spriggan berserker.
The spriggan berserker is heavily wounded.
You miss the spriggan berserker.
The spriggan berserker is heavily wounded.
The spriggan berserker hits you with a +0 rapier!!
You die...

####################
####### #######
##...∩∩###.....###
......)##...P.)'†#
##P....'......|###
##################
##∩∩∩#............#########
..∩.∩'............'....(.(#
##∩∩∩#..........@i#######)#
#########################(#
..♣..♣..♣..♣§§♣§)♣..♣..♣..#
....)i.....§§§§§..........#
..♣..♣..♣..♣§i♣§)♣..♣..♣..#
###########################


You could see a spriggan berserker (poisoned, slow).

Vanquished Creatures
  Agnes (D)
  A ghost moth (D)
  4 spriggan defenders (D)
  3 spriggan berserkers (D)
  4 spriggan druids (D)
  23 oklob plants (D)
  3 demonic crawlers (D)
  3 burning bushes (D)
  3 wandering mushrooms (D)
  6 hornets (D)
  A queen bee (D)
  4 scorpions (D)
  4 killer bees (D)
  5 oklob saplings (D)
  8 spriggans (D)
  A river rat (D)
  A rat (D)
  A ballistomycete spore (D)
76 creatures vanquished.

Vanquished Creatures (others)
  A ballistomycete spore (D)
  A fungus (D)
2 creatures vanquished.

Grand Total: 78 creatures vanquished

Notes
Turn   | Place    | Note
-------+----------+-------------------------------------------
     0 | D        | mhtbhm the Spriggan Brigand began the quest for the Orb.
     0 | D        | Reached XP level 1. HP: 10/10 MP: 2/2
     9 | D        | Reached skill level 8 in Stealth
     9 | D        | Reached XP level 2. HP: 15/15 MP: 3/3
    70 | D        | Noticed an oklob sapling
    71 | D        | Killed an oklob sapling
    72 | D        | Reached skill level 10 in Stealth
    72 | D        | Reached XP level 3. HP: 18/18 MP: 4/4
    74 | D        | Noticed a scorpion
    74 | D        | Found the amulet of invisibility {+Inv}
    76 | D        | Killed a scorpion
    77 | D        | Reached skill level 12 in Stealth
    77 | D        | Reached XP level 4. HP: 23/23 MP: 5/5
   101 | D        | Found an opulent altar of Gozag.
   101 | D        | Found a hazy altar of Hepliaklqana.
   101 | D        | Found a burning altar of Makhleb.
   101 | D        | Found a sparkling altar of Nemelex Xobeh.
   101 | D        | Found a snail-covered altar of Cheibriados.
   101 | D        | Found a sacrificial altar of Ru.
   101 | D        | Found a shimmering blue altar of Sif Muna.
   101 | D        | Found a shimmering altar of Xom.
   101 | D        | Found a basalt altar of Yredelemnul.
   102 | D        | Found a viscous altar of Jiyva.
   102 | D        | Found a bloodstained altar of Trog.
   102 | D        | Found an ornate altar of the Wu Jian Council.
   103 | D        | Found an iron altar of Okawaru.
   103 | D        | Found a shadowy altar of Dithmenos.
   103 | D        | Found a glowing silver altar of Zin.
   104 | D        | Found an ancient bone altar of Kikubaaqudgha.
   104 | D        | Found a hide-covered altar of Uskayaw.
   105 | D        | Found a stormy altar of Qazlal.
   105 | D        | Found a white marble altar of Elyvilon.
   105 | D        | Found a glowing golden altar of the Shining One.
   106 | D        | Found a corrupted altar of Lugonu.
   106 | D        | Found a radiant altar of Vehumet.
   111 | D        | Became a worshipper of Dithmenos the Shadowed
   114 | D        | Reached skill level 14 in Stealth
   114 | D        | Reached XP level 5. HP: 27/27 MP: 3/6
   124 | D        | Reached skill level 15 in Stealth
   124 | D        | Reached skill level 1 in Evocations
   269 | D        | Reached * piety under Dithmenos
   270 | D        | Reached skill level 1 in Invocations
   409 | D        | Noticed a queen bee
   416 | D        | Killed a queen bee
   417 | D        | Reached skill level 5 in Short Blades
   417 | D        | Reached skill level 17 in Stealth
   417 | D        | Reached XP level 6. HP: 32/32 MP: 4/9
   418 | D        | Reached skill level 18 in Stealth
   418 | D        | Reached ** piety under Dithmenos
   421 | D        | Reached XP level 7. HP: 36/36 MP: 5/11
   422 | D        | Reached skill level 19 in Stealth
   423 | D        | Noticed an oklob plant
   426 | D        | Killed an oklob plant
   427 | D        | Reached skill level 20 in Stealth
   427 | D        | Reached skill level 5 in Invocations
   427 | D        | Reached skill level 5 in Evocations
   427 | D        | Reached XP level 8. HP: 42/42 MP: 5/13
   539 | D        | Noticed a burning bush
   542 | D        | Killed a burning bush
   542 | D        | Reached *** piety under Dithmenos
   543 | D        | Reached skill level 21 in Stealth
   578 | D        | Noticed a burning bush
   578 | D        | Noticed an oklob plant
   579 | D        | Noticed a wandering mushroom
   580 | D        | Killed a burning bush
   581 | D        | Reached skill level 22 in Stealth
   586 | D        | Killed an oklob plant
   587 | D        | Reached skill level 23 in Stealth
   589 | D        | Killed a wandering mushroom
   589 | D        | Reached **** piety under Dithmenos
   590 | D        | Reached XP level 9. HP: 45/45 MP: 12/15
   602 | D        | Noticed a spriggan druid
   603 | D        | Killed a spriggan druid
   604 | D        | Reached skill level 5 in Throwing
   604 | D        | Reached skill level 24 in Stealth
   636 | D        | Noticed an oklob plant conjurer
   637 | D        | Killed an oklob plant conjurer
   699 | D        | Reached ***** piety under Dithmenos
   700 | D        | Reached skill level 25 in Stealth
   708 | D        | Found Dompyebb's Weapon Shop.
   708 | D        | Found Ves Xud's Book Emporium.
   729 | D        | Noticed a burning bush
   729 | D        | Noticed a wandering mushroom
   730 | D        | Noticed a wandering mushroom
   732 | D        | Identified the +3 long sword of Hard Scrabble {drain,
                  | Int+5}
   733 | D        | Killed a burning bush
   734 | D        | Killed a wandering mushroom
   735 | D        | Killed a wandering mushroom
   741 | D        | Found Ohotirar's Book Shoppe.
   742 | D        | Found Cishror's Assorted Antiques.
   743 | D        | Identified the +1 chain mail "Eteitor" {Harm rElec rPois
                  | rF-}
   839 | D        | Noticed an oklob plant
   839 | D        | Noticed an oklob plant summoner
   840 | D        | Noticed an oklob plant shifter
   844 | D        | Killed an oklob plant
   845 | D        | Reached skill level 26 in Stealth
   845 | D        | Reached skill level 10 in Evocations
   845 | D        | Reached XP level 10. HP: 50/50 MP: 14/18
   846 | D        | Killed an oklob plant summoner
   849 | D        | Killed an oklob plant shifter
   854 | D        | Reached skill level 27 in Stealth
   854 | D        | Reached skill level 10 in Invocations
   887 | D        | Noticed a spriggan rider
   888 | D        | Found Fanwasm's Assorted Antiques.
   888 | D        | Found Lunimil's Weapon Emporium.
   893 | D        | Killed a spriggan rider
   893 | D        | Reached ****** piety under Dithmenos
   933 | D        | Noticed Agnes
   934 | D        | Found Rehiuffile's Jewellery Emporium.
   934 | D        | Found Hoxi's Assorted Antiques.
   935 | D        | Killed Agnes
   941 | D        | Noticed a spriggan berserker
   943 | D        | Killed a spriggan berserker
   949 | D        | Noticed a spriggan defender
   951 | D        | Killed a spriggan defender
   952 | D        | Reached XP level 11. HP: 48/54 MP: 13/21
  1015 | D        | Noticed a spriggan rider
  1018 | D        | Killed a spriggan rider
  1019 | D        | Reached skill level 5 in Fighting
  1061 | D        | Noticed a ghost moth
  1096 | D        | Found Eganewisi's Book Emporium.
  1096 | D        | Found Sistoeblu's Antique Armour Boutique.
  1096 | D        | Found Fatippid's Distillery.
  1097 | D        | Killed a ghost moth
  1098 | D        | Reached skill level 10 in Short Blades
  1163 | D        | Noticed an oklob plant shifter
  1163 | D        | Noticed an oklob plant meteorologist
  1168 | D        | Killed an oklob plant shifter
  1169 | D        | Reached skill level 15 in Evocations
  1176 | D        | Killed an oklob plant meteorologist
  1211 | D        | Noticed a spriggan rider
  1216 | D        | Killed a spriggan rider
  1217 | D        | Reached skill level 15 in Invocations
  1246 | D        | Found Ezeur's Armour Shoppe.
  1246 | D        | Found Nuidwublu's Jewellery Boutique.
  1246 | D        | Found Purar's Antique Armour Shop.
  1246 | D        | Found Neukhlim's Magic Scroll Emporium.
  1246 | D        | Found Vank's Antique Armour Shoppe.
  1247 | D        | Found Sarruhu's Weapon Emporium.
  1247 | D        | Found Itzaer's Antique Weapon Shop.
  1247 | D        | Found Vienitri's Armour Boutique.
  1289 | D        | Bought the +2 cloak of the Thief {*Fog Slay-2 SInv Stlth+}
                  | for 261 gold pieces
  1289 | D        | Found the +2 cloak of the Thief {*Fog Slay-2 SInv Stlth+}
  1319 | D        | Noticed an oklob plant summoner
  1320 | D        | Found Fecsit's General Store.
  1321 | D        | Found Zoment's Magic Scroll Shop.
  1322 | D        | Killed an oklob plant summoner
  1324 | D        | Noticed an oklob plant annihilator
  1325 | D        | Noticed an oklob plant demonologist
  1325 | D        | Noticed a spriggan berserker
  1327 | D        | Killed a spriggan berserker
  1328 | D        | Killed an oklob plant annihilator
  1330 | D        | Killed an oklob plant demonologist
  1335 | D        | Identified the amulet of Xom's Wantonness {Faith Dex+6}
  1400 | D        | Noticed an oklob plant
  1400 | D        | Noticed an oklob plant
  1400 | D        | Noticed an oklob plant
  1400 | D        | Noticed an oklob plant
  1400 | D        | Noticed an oklob plant
  1400 | D        | Noticed an oklob plant
  1401 | D        | Noticed an oklob plant
  1402 | D        | Killed an oklob plant
  1403 | D        | Noticed an oklob plant
  1404 | D        | Killed an oklob plant
  1405 | D        | Noticed an oklob plant
  1406 | D        | Killed an oklob plant
  1407 | D        | Reached XP level 12. HP: 61/61 MP: 22/24
  1479 | D        | Noticed a spriggan defender
  1479 | D        | Noticed a spriggan defender
  1481 | D        | Killed a spriggan defender
  1482 | D        | Killed a spriggan defender
  1506 | D        | Noticed a death yak
  1897 | D        | Noticed a spriggan defender
  1900 | D        | Killed a spriggan defender
  1904 | D        | Noticed the Enchantress
  1976 | D        | Mangled by a spriggan berserker

Illustrated notes

Levels and vault maps discovered:
D:        dungeon_sprint_fedhas [sprint_temple]

Skill      XL: |  1  2  3  4  5  6  7  8  9 10 11 12 |
---------------+-------------------------------------+-----
Stealth        | 8 10 12 14 17 18 20 23 26 27 | 27.0
Fighting       | 2 3 4 6 7 |  7.2
Short Blades   | 3 4 5 6 7 9 12 14 | 14.5
Throwing       | 3 4 5 |  5.1
Dodging        | 2 4 |  4.2
Evocations     | 3 4 5 7 10 13 17 19 | 19.9
Invocations    | 3 4 5 7 9 13 15 17 | 17.4

Action                   |  1- 3 |  4- 6 |  7- 9 | 10-12 || total
-------------------------+-------+-------+-------+-------++-------
Melee: Dagger            |     5 |     7 |     3 |       ||    15
       Rapier            |       |       |    15 |    54 ||    69
Throw: Dart              |       |       |       |     4 ||     4
Invok: Shadow Step       |       |       |       |    12 ||    12
 Abil: Evoke Invisibilit |       |     3 |     3 |     3 ||     9
Evoke: Wand              |       |       |       |     3 ||     3
       Phantom mirror    |       |       |       |     2 ||     2
  Use: Potion            |       |       |       |     3 ||     3
 Stab: Sleeping          |     3 |     7 |    18 |    41 ||    69
       Invisible         |       |       |       |     1 ||     1
       Distracted        |       |       |       |     1 ||     1
Armor: Robe              |       |       |       |     1 ||     1
Dodge: Dodged            |     2 |       |       |    11 ||    13

Table legend: (Time is in decaauts)
 A = Elapsed time spent in this place.
 B = Non-inter-level travel time spent in this place.
 C = Inter-level travel time spent in this place.
 D = Time resting spent in this place.
 E = Time spent auto-exploring this place.
 F = Levels seen in this place.
 G = Mean time per level.
                   A        B        C        D        E       F      G
               +--------+--------+--------+--------+--------+-----+--------+
         Total |   1568 |   1541 |     27 |    851 |      2 |   1 | 1568.0 |
       Dungeon |   1568 |   1541 |     27 |    851 |      2 |   1 | 1568.0 |
               +--------+--------+--------+--------+--------+-----+--------+

Top non-repeatable levels by time:
       D: 1568 daAuts
